 Dungeon Crawl Stone Soup version 0.23-b1-59-g586d0d887c (webtiles) character file.

Game seed: 1008436204433805590

1203 MirrMurr the Poker (level 8, -4/87 HPs)
             Began as an Ogre Berserker on Feb 5, 2019.
             Was a Priest of Trog.
             Slain by a wyvern (9 damage)
             ... on level 5 of the Dungeon.
             The game lasted 00:11:36 (7272 turns).

MirrMurr the Poker (Ogre Berserker)                 Turns: 7272, Time: 00:11:37

Health: -4/87      AC:  6    Str: 22    XL:     8   Next: 45%
Magic:  8/8        EV: 10    Int:  8    God:    Trog [***...]
Gold:   278        SH:  9    Dex: 14    Spells: 7/7 levels left

rFire    . . .     SeeInvis .   a - +0 spear
rCold    . . .     Gourm    .   s - +0 shield
rNeg     . . .     Faith    .   d - +0 robe
rPois    .         Spirit   .   (helmet restricted)
rElec    .         Reflect  .   j - +2 cloak
rCorr    .         Harm     .   (gloves unavailable)
MR       .....                  (boots unavailable)
Stlth    +.........             (no amulet)
HPRegen  0.24/turn              o - +4 ring of dexterity
MPRegen  0.11/turn              (no ring)

@: no status effects
A: large, unfitting armour, tough skin 1
a: Berserk, Trog's Hand, Renounce Religion


You were on level 5 of the Dungeon.
You worshipped Trog.
Trog was most pleased with you.
You were hungry.

You visited 1 branch of the dungeon, and saw 6 of its levels.

You collected 278 gold pieces.

Inventory:

Hand Weapons
 a - a +0 spear (weapon)
 b - a +0 fustibalus
Missiles
 e - 118 stones (quivered)
 l - 52 sling bullets
 q - 12 poisoned needles
 w - a throwing net
Armour
 d - a +0 robe (worn)
 j - a +2 cloak (worn)
 s - a +0 shield (worn)
Jewellery
 o - a +4 ring of dexterity (left hand)
Wands
 f - a wand of flame (12)
 t - a wand of enslavement (9)
 u - a wand of paralysis (12)
Scrolls
 h - 2 scrolls of fear
 i - 3 scrolls of identify
 p - a scroll of fog
 r - 2 scrolls of teleportation
Potions
 g - a potion of heal wounds
 k - 2 potions of curing
 m - a potion of might
 n - a potion of lignification
 x - a potion of agility {unknown}
Comestibles
 c - 12 rations


   Skills:
 + Level 7.2 Fighting
 * Level 7.3 Polearms
 + Level 5.0 Dodging
 + Level 2.5 Shields


You had 7 spell levels left.
You didn't know any spells.
Your spell library was empty.

Dungeon Overview and Level Annotations

Branches:
Dungeon (6/15)
 Temple: D:4-7

Altars:
Ashenzari
Dithmenos
Elyvilon
Makhleb
Nemelex Xobeh
Qazlal
Vehumet

Annotations:
D:3 dig?
D:6 Sigmund


Innate Abilities, Weirdness & Mutations

You are too large for most types of armour.
You have tough skin. (AC +1)


Message History

You block the adder's attack.
Items here: )))) [[[ You feel sick.
You block the wyvern's attack. You block the wyvern's attack.
You feel sick.
You are no longer poisoned.
The wyvern bites you.
* * * LOW HITPOINT WARNING * * *
There is a stone staircase leading up here.
You block the wyvern's attack. The adder bites you but does no damage.
You block the wyvern's attack.
You climb upwards.
Reactivating autopickup.
There is a stone staircase leading down here.
The wyvern bites you!!
* * * LOW HITPOINT WARNING * * *
The wyvern misses you.
a - a +0 spear (weapon)
The wyvern bites you!
You die...

#.# #.# ######## #.# #.#
.......# #.# #.# .......# #.#
#.# .......# #.#######.#
.......# #.........# .......#
#######...#
.......#############...#
.......'........@lS>...#
.......##...#######....######
)########...# #.........#
.#..........# #.#.#####.#
.#..........### #.....# #.#
.#..........+.#############.#
............#.##............#
.........####.##.#..#########
.........# #.#.....###


You could see a wyvern and an adder.

Vanquished Creatures
  A phantom (D:6)
  2 ogres (D:4)
  2 centaurs (D:5)
  3 scorpions
  A crimson imp (D:5)
  A centaur zombie (D:5)
  Crazy Yiuf (D:2)
  3 orc wizards
  A jelly (D:6)
  Natasha (thrice) (D:2)
  An iguana (D:4)
  6 worker ants
  4 gnolls (D:4)
  5 adders
  An ooze (D:3)
  An adder skeleton (D:6)
  5 worms
  A dart slug (D:4)
  3 leopard geckos
  7 orcs
  5 bats
  3 giant cockroaches
  10 goblins
  6 hobgoblins
  5 jackals (D:2)
  A quokka (D:2)
  3 ball pythons
  5 frilled lizards
  10 kobolds
  8 rats
  A fungus (D:2)
109 creatures vanquished.

Notes
Turn   | Place    | Note
-------+----------+-------------------------------------------
     0 | D:1      | MirrMurr the Ogre Berserker began the quest for the Orb.
     0 | D:1      | Reached XP level 1. HP: 24/24 MP: 1/1
   296 | D:1      | Reached XP level 2. HP: 32/32 MP: 2/2
  1042 | D:2      | Found a white marble altar of Elyvilon.
  1109 | D:2      | Reached XP level 3. HP: 38/40 MP: 3/3
  1202 | D:2      | Reached ** piety under Trog
  1563 | D:2      | Reached XP level 4. HP: 49/49 MP: 4/4
  1730 | D:2      | You fall through a shaft!
  1737 | D:2      | Found a runed translucent door.
  1740 | D:2      | Noticed Crazy Yiuf
  1908 | D:2      | Noticed Natasha
  1923 | D:2      | Killed Natasha
  2114 | D:2      | Noticed Natasha
  2128 | D:2      | Killed Natasha
  2128 | D:2      | Reached skill level 5 in Fighting
  2128 | D:2      | Reached XP level 5. HP: 25/57 MP: 5/5
  2572 | D:2      | Noticed Natasha
  2593 | D:2      | Killed Natasha
  3221 | D:2      | Killed Crazy Yiuf
  3469 | D:3      | Reached skill level 5 in Polearms
  3841 | D:4      | Reached XP level 6. HP: 66/66 MP: 6/6
  4343 | D:4      | Found a stormy altar of Qazlal.
  4601 | D:4      | Reached XP level 7. HP: 47/75 MP: 7/7
  4795 | D:4      | Found a sparkling altar of Nemelex Xobeh.
  5178 | D:4      | Reached *** piety under Trog
  6044 | D:5      | Entered Level 5 of the Dungeon
  6079 | D:5      | Reached skill level 1 in Shields
  6100 | D:5      | Found a shadowy altar of Dithmenos.
  6266 | D:5      | Found a radiant altar of Vehumet.
  6267 | D:5      | Found a burning altar of Makhleb.
  6301 | D:5      | Found a shattered altar of Ashenzari.
  6869 | D:5      | Reached XP level 8. HP: 84/84 MP: 8/8
  7237 | D:6      | Reached skill level 5 in Dodging
  7243 | D:6      | Noticed a wyvern
  7246 | D:6      | Noticed Sigmund
  7269 | D:5      | HP: 4/87 [wyvern (18)]
  7272 | D:5      | Slain by a wyvern

Skill      XL: |  1  2  3  4  5  6  7  8 |
---------------+-------------------------+-----
Dodging        | 3 4 5 |  5.0
Polearms       | 4 5 6 7 |  7.3
Fighting       | 5 6 7 |  7.2
Shields        | 1 2 |  2.5

Action                   |  1- 3 |  4- 6 |  7- 9 || total
-------------------------+-------+-------+-------++-------
Melee: Spear             |   129 |   223 |   214 ||   566
 Fire: Fustibalus        |       |       |    40 ||    40
Invok: Berserk           |     1 |     5 |     1 ||     7
       Trog's Hand       |       |       |     2 ||     2
  Use: Scroll            |     4 |     6 |     6 ||    16
 Stab: Sleeping          |       |       |     1 ||     1
  Eat: Chunk             |     2 |    15 |    10 ||    27
Armor: Robe              |    20 |    40 |    49 ||   109
Dodge: Dodged            |    41 |    71 |    66 ||   178
Block: Shield            |       |       |    54 ||    54
